 Dungeon Crawl Stone Soup version 0.26.0-10-g1f06aea511 (webtiles) character file.

Game seed: 9439154243468313022

1052 Borgoz the Slasher (level 8, -2/67 HPs)
             Began as a Ghoul Gladiator on Jan 15, 2021.
             Slain by a wight
             ... wielding a cursed +4 dire flail
              (10 damage)
             ... on level 5 of the Dungeon.
             The game lasted 00:08:40 (7437 turns).

Borgoz the Slasher (Ghoul Gladiator)                Turns: 7437, Time: 00:08:41

Health: -2/67      AC:  7    Str: 18    XL:     8   Next: 26%
Magic:  7/7        EV: 12    Int:  3    God:
Gold:   446        SH:  0    Dex: 12    Spells: 7/7 levels left

rFire    . . .     SeeInvis .   a - +0 long sword
rCold    + . .     Faith    .   (no shield)
rNeg     + + +     Spirit   .   o - +0 ring mail
rPois    ∞         Reflect  .   c - +0 helmet
rElec    .         Harm     .   (no cloak)
rCorr    .         Rampage  .   (no gloves)
Will     .....                  (no boots)
Stlth    +.........             (no amulet)
HPRegen  0.00/turn              (no ring)
MPRegen  0.10/turn              (no ring)

@: no status effects
A: claws 1, cold resistance 1, negative energy resistance 3, inhibited
regeneration, torment resistance, unbreathing
a: no special abilities


You were on level 5 of the Dungeon.
You visited 1 branch of the dungeon, and saw 6 of its levels.

You collected 479 gold pieces.
You spent 33 gold pieces at shops.

Inventory:

Hand Weapons
 a - a +0 long sword (weapon)
Missiles
 g - a throwing net (quivered)
Armour
 c - a +0 helmet (worn)
 o - a +0 ring mail (worn)
Wands
 b - a wand of digging (5)
 e - a wand of paralysis (11)
Scrolls
 f - 3 scrolls of amnesia {unknown}
 h - 3 scrolls of enchant weapon {unknown}
 j - 4 scrolls of enchant armour {unknown}
 l - 10 scrolls of teleportation
 m - 3 scrolls of remove curse
 p - a scroll of immolation
 q - a scroll of noise {unknown}
 r - a scroll of blinking
 t - a scroll of random uselessness {unknown}
 w - a scroll of identify
Potions
 d - 2 potions of might {unknown}
 i - 2 potions of brilliance
 k - a potion of flight
 n - 3 potions of degeneration
 s - a potion of mutation
 v - a potion of haste


   Skills:
 + Level 4.7 Fighting
 * Level 5.6 Long Blades
 - Level 1.7 Throwing
 * Level 4.7 Armour
 + Level 4.3 Dodging


You had 7 spell levels left.
You didn't know any spells.
Your spell library was empty.

Dungeon Overview and Level Annotations

Branches:
Dungeon (6/15)
 Temple: D:4-7

Altars:

Shops:
D:4 *   D:5 (

Annotations:
D:4 Dowan, Duvessa


Innate Abilities, Weirdness & Mutations

You thrive by killing the living.
You are immune to poison.
You have sharp fingernails.
Your flesh is cold resistant. (rC+)
You are immune to negative energy. (rN+++)
You do not regenerate when monsters are visible.
You are immune to unholy pain and torment.
You can survive without breathing.


Message History

The wight completely misses you.
You riposte.
You barely miss the wight.
The wight is almost destroyed.
You feel better.
The wight hits you with a cursed +4 dire flail!
* * * LOW HITPOINT WARNING * * *
Throw: 2 throwing nets
Press: ? - help, Q - select action, (/) - cycle Shift-Dir - straight line, f - wight
Aim: a wight, wielding a +4 dire flail and wearing a +0 robe
Okay, then.
You barely miss the wight.
The wight hits you with a cursed +4 dire flail!
* * * LOW HITPOINT WARNING * * *
Throw: 2 throwing nets
Press: ? - help, Q - select action, (/) - cycle Shift-Dir - straight line, f - wight
Aim: a wight, wielding a +4 dire flail and wearing a +0 robe You throw a throwing net.
The throwing net barely misses the wight.
The throwing net closely misses the wight.
The wight hits you with a cursed +4 dire flail!
You die...

######### #.#
######### #.###
#.......# #.)..
#.#####.# #.###
#.#####.#########.##
#.##(>........##...##
#.##z##.#####..).....
#.##z##.# ####...#.
#.##@##.# ##<...
#.......# #(###
####.#### #.# #.###
##+## #...# ##...##
###.#.### ##.....#
#.......# ##.......
#.##....####........
#.##.......'........


You could see 2 wights.

Vanquished Creatures
  An ogre (D:3)
  A centaur (D:5)
  A bullfrog (D:5)
  6 orc priests
  4 hounds
  A gnoll shaman (D:5)
  An iguana (D:5)
  6 orc wizards
  2 worker ants (D:4)
  Natasha (D:4)
  7 gnolls
  4 adders
  A shadow imp (D:5)
  An ufetubus (D:5)
  An ooze (D:1)
  3 worms
  A dart slug (D:3)
  A leopard gecko (D:4)
  23 orcs
  3 giant cockroaches
  8 goblins
  2 hobgoblins
  2 jackals (D:6)
  6 kobolds
  3 quokkas
  A ball python (D:4)
  5 bats
  3 frilled lizards
  A leopard gecko skeleton (D:5)
  11 rats
111 creatures vanquished.

Vanquished Creatures (others)
  5 plants (D:6)
5 creatures vanquished.

Grand Total: 116 creatures vanquished

Notes
Turn   | Place    | Note
-------+----------+-------------------------------------------
     0 | D:1      | Borgoz the Ghoul Gladiator began the quest for the Orb.
     0 | D:1      | Reached XP level 1. HP: 17/17 MP: 0/0
   346 | D:1      | Reached XP level 2. HP: 22/25 MP: 1/1
  1068 | D:2      | Reached skill level 3 in Long Blades
  1068 | D:2      | Reached skill level 1 in Armour
  1237 | D:2      | Reached XP level 3. HP: 29/30 MP: 2/2
  1251 | D:2      | Reached XP level 4. HP: 32/37 MP: 3/3
  2179 | D:3      | Reached XP level 5. HP: 34/45 MP: 4/4
  3091 | D:3      | Noticed an ogre
  3101 | D:3      | Killed an ogre
  3102 | D:3      | Reached skill level 4 in Long Blades
  3102 | D:3      | Reached XP level 6. HP: 23/51 MP: 5/5
  3534 | D:4      | Reached XP level 7. HP: 36/58 MP: 6/6
  3570 | D:5      | Entered Level 5 of the Dungeon
  4185 | D:4      | Noticed Natasha
  4427 | D:4      | Killed Natasha
  4623 | D:4      | Reached skill level 5 in Long Blades
  5009 | D:4      | Found Xoacelok's General Store.
  5012 | D:4      | Noticed Dowan
  5013 | D:4      | Noticed Duvessa
  5052 | D:4      | HP: 2/59 [Duvessa/+0 short sword (2)]
  5880 | D:4      | Bought a scroll of teleportation for 33 gold pieces
  6017 | D:5      | Found Gucsaromp's Weapon Shop.
  6432 | D:5      | Reached XP level 8. HP: 67/67 MP: 7/7
  7437 | D:5      | Slain by a wight

Illustrated notes

Levels and vault maps discovered:
D:1:      dpeg_arrival_shrine, layout_basic
D:2:      cheibrodos_pilgrimage, layout_loops_corners
D:3:      layout_loops_ring
D:4:      layout_loops_corners, serial_shops, shop, uniq_natasha, uniq_duvessa
D:5:      layout_loops_corners, serial_shops, shop_coins,
          kennysheep_opposing_triangles
D:6:      layout_gridville, minmay_temple_entry_gardened_gates, serial_shops,
          shop_fountains, grunt_ministairs_6

Skill      XL: |  1  2  3  4  5  6  7 |
---------------+----------------------+-----
Long Blades    | 3 4 5 |  5.6
Armour         | 1 2 3 4 |  4.7
Dodging        | 3 4 |  4.3
Fighting       | 3 4 |  4.7
Throwing       | |  1.7

Action                   |  1- 3 |  4- 6 |  7- 9 || total
-------------------------+-------+-------+-------++-------
Melee: Long sword        |    62 |   136 |   267 ||   465
Throw: Throwing net      |       |     2 |     7 ||     9
  Use: Potion            |     2 |     1 |    10 ||    13
       Scroll            |       |     5 |     1 ||     6
Armor: Leather armour    |    18 |    20 |       ||    38
       Ring mail         |       |    13 |   124 ||   137
Dodge: Dodged            |    76 |    89 |   197 ||   362
       Rpst.: Long sword |    22 |    34 |    56 ||   112
